AoeStats
← AVCI

Nomad

508449917Analyzed
4v4 RM · 11d ago on Sep 22, 2026· 36m 6s· 8 players
Game mode
Random Map
Map size
231×231
Population
200
Speed
Normal
Resources
Standard
Victory
Conquest
Starting age
Dark Age
Ending age
Imperial Age
RankedLock teamsTeams togetherTeam positionsShared explorationLock speedFull tech treeHidden civsTurbo modeCheats
Victory
Defeat
🇯🇵 Vietnamese · Japan
1637
+12
🇨🇳 Persians · China
1621
+13
🇯🇵 Italians · Japan
1572
+16
🇯🇵 Berbers · Japan
1570
+15
🇹🇷 Huns · Türkiye
1587
-15
🇨🇦 Spanish · Canada
1563
-14
🇦🇺 Persians · Australia
1546
-14
🇮🇩 Hindustanis · Indonesia
1523
-13
yu_k1
5:23 Loom
12:25 Feudal Age
13:06 Double-Bit Axe
14:03 Town Watch
14:53 Fletching
22:53 Castle Age
24:21 Bodkin Arrow
24:30 Fishing Lines
25:02 Medium Warships
kome
4:01 Loom
12:38 Feudal Age
19:06 Castle Age
17:49 Fletching
19:07 Double-Bit Axe
20:04 Bow Saw
21:14 Bodkin Arrow
22:58 Ballistics
24:33 Padded Archer Armor
27:28 Wheelbarrow
27:32 Husbandry
31:43 Thumb Ring
32:29 Leather Archer Armor
36:32 Imperial Age
TOWERKING
6:00 Loom
13:00 Feudal Age
16:37 Castle Age
15:20 Double-Bit Axe
16:17 Horse Collar
28:44 Bloodlines
31:07 Wheelbarrow
31:48 Forging
34:24 Fletching
blackhouse
5:01 Loom
12:05 Feudal Age
16:15 Fletching
25:48 Castle Age
25:50 Crossbowman
26:25 Bodkin Arrow
26:36 Bodkin Arrow
28:14 Ballistics
28:00 Gold Mining
34:46 Town Watch
JMDDN
5:08 Loom
13:03 Feudal Age
17:42 Castle Age
17:01 Double-Bit Axe
AVCI
4:20 Loom
13:37 Feudal Age
15:27 Fletching
25:47 Castle Age
24:34 Scale Barding Armor
24:28 Double-Bit Axe
27:51 Medium Warships
27:56 Bodkin Arrow
28:54 Forging
33:09 Horse Collar
34:22 Chain Barding Armor
OM | Flare
4:58 Loom
12:07 Feudal Age
12:57 Double-Bit Axe
16:42 Forging
24:38 Castle Age
25:23 Bow Saw
26:05 Medium Warships
Embege
4:23 Loom
12:49 Feudal Age
16:56 Castle Age
16:03 Double-Bit Axe
16:37 Fishing Lines
17:47 Bow Saw
17:57 Scale Mail Armor
18:07 Forging
21:34 Gold Mining
25:37 Chain Mail Armor
26:48 Squires
26:34 Arson
30:26 Bloodlines
30:16 Husbandry
33:37 Scale Barding Armor
34:53 Wheelbarrow
Connection lost

Rejoining the realm…

Still unreachable

The connection could not be restored.

Session expired

The server has moved on; the page needs a fresh start.